 Dungeon Crawl Stone Soup version 0.27-a0-1502-g47ed6a6988 (webtiles) character file.

Game seed: 8120382032337282112

149 bigjeff5 the Magician (level 5, -1/43 HPs)
             Began as a Gnoll Wanderer on July 8, 2021.
             Was an Initiate of Okawaru.
             Frozen to death by an endoplasm (4 damage)
             ... on level 3 of the Dungeon.
             The game lasted 00:36:51 (3918 turns).

bigjeff5 the Magician (Gnoll Wanderer)              Turns: 3918, Time: 00:36:54

Health: -1/43      AC:  7    Str: 11 (12) XL:     5   Next: 31%
Magic:  12/12      EV:  9    Int: 13      God:    Okawaru [......]
Gold:   140        SH:  4    Dex:  9 (10) Spells: 13/14 levels left

rFire    . . .     SeeInvis .   a - +2 short sword
rCold    . . .     Faith    .   e - +0 buckler
rNeg     . . .     Spirit   .   o - +0 scale mail
rPois    .         Reflect  .   (no helmet)
rElec    .         Harm     .   (no cloak)
rCorr    .         Rampage  .   (no gloves)
Will     .....                  g - +0 pair of boots
Stlth    +.........             (no amulet)
HPRegen  0.14/turn              (no ring)
MPRegen  0.13/turn              (no ring)

@: no status effects
A: fangs 1, strong nose, distributed training
a: Renounce Religion


You were on level 3 of the Dungeon.
You worshipped Okawaru.
Okawaru was noncommittal.
You visited 1 branch of the dungeon, and saw 3 of its levels.

You collected 140 gold pieces.

Inventory:

Hand Weapons
 a - a +2 short sword (weapon)
 f - a +0 hand axe
 u - a +0 spear
Missiles
 d - 22 stones
 m - 32 arrows
Armour
 b - a +0 robe
 e - a +0 buckler (worn)
 g - a +0 pair of boots (worn)
 o - a +0 scale mail (worn)
Jewellery
 p - a ring of ice
Scrolls
 c - 2 scrolls of identify {unknown}
 i - a scroll of summoning {unknown}
 j - a scroll of enchant armour {unknown}
 l - a scroll of vulnerability {unknown}
 n - 2 scrolls of teleportation {unknown}
 r - 2 scrolls of noise {unknown}
 t - a scroll of brand weapon {unknown}
 w - a scroll of blinking {unknown}
Potions
 k - a potion of invisibility {unknown}
 q - a potion of curing {unknown}
 s - a potion of might {unknown}
 v - a potion of degeneration
 x - a potion of resistance {unknown}


   Skills:
 + Level 4.7 Fighting
 + Level 2.9 Short Blades
 + Level 1.4 Long Blades
 + Level 1.4 Axes
 + Level 1.4 Maces & Flails
 + Level 1.4 Polearms
 + Level 1.4 Staves
 + Level 1.4 Slings
 + Level 1.4 Bows
 + Level 1.4 Crossbows
 + Level 1.4 Throwing
 + Level 1.4 Armour
 + Level 2.9 Dodging
 + Level 2.7 Stealth
 + Level 2.9 Shields
 + Level 1.4 Unarmed Combat
 + Level 5.2 Spellcasting
 + Level 2.3 Conjurations
 + Level 1.1 Hexes
 + Level 1.1 Summonings
 + Level 1.1 Necromancy
 + Level 1.1 Translocations
 + Level 1.1 Transmutations
 + Level 1.1 Fire Magic
 + Level 1.1 Ice Magic
 + Level 1.1 Air Magic
 + Level 1.1 Earth Magic
 + Level 1.1 Poison Magic
 + Level 1.6 Invocations
 + Level 2.9 Evocations


You had 13 spell levels left.
You knew the following spells:

 Your Spells              Type           Power      Damage    Failure   Level
a - Sting                 Tmut/Pois      24%        1d4       61%         1

Your spell library contained the following spells:

 Spells                   Type           Power      Damage    Failure   Level
 Apportation              Tloc           12%        N/A       61%         1
 Conjure Flame            Conj/Fire      8%         6-21      88%         3
 Gell's Gravitas          Tloc           3%         N/A       93%         3
 Ignite Poison            Fire/Tmut/Pois 6%         N/A       93%         3
 Spider Form              Tmut/Pois      3%         N/A       93%         3
 Sticky Flame             Conj/Fire      8%         2d3       99%         4


Dungeon Overview and Level Annotations

Branches:
Dungeon (3/15)

Altars:
Okawaru

Annotations:
D:2 Jessica, Sigmund


Innate Abilities, Weirdness & Mutations

You have very sharp teeth.
Your uncanny sense of smell can sniff out nearby items.
Your experience applies equally to all skills.


Message History

You hit the gnoll. Your bite misses the gnoll.
The gnoll is lightly wounded.
You block the gnoll's attack.
You completely miss the gnoll.
The gnoll is lightly wounded.
The gnoll barely misses you.
You closely miss the gnoll.
The gnoll is lightly wounded.
The gnoll barely misses you.
You hit the gnoll. You bite the gnoll, but do no damage.
The gnoll is moderately wounded.
The endoplasm hits you but does no damage.
The gnoll hits you with a +0 flail.
* * * LOW HITPOINT WARNING * * *
You closely miss the gnoll.
The gnoll is moderately wounded.
The endoplasm freezes you.
You are frozen.
* * * LOW HITPOINT WARNING * * *
The gnoll hits you with a +0 flail.
* * * LOW HITPOINT WARNING * * *
Unknown command.
You hit the gnoll.
The gnoll is heavily wounded.
The endoplasm closely misses you. The gnoll hits you but does no damage.
You hit the gnoll.
The gnoll is almost dead.
The endoplasm barely misses you. The gnoll hits you with a +0 flail.
* * * LOW HITPOINT WARNING * * *
You closely miss the gnoll.
The gnoll is almost dead.
The endoplasm hits you but does no damage.
The gnoll barely misses you.
You hit the gnoll.
You kill the gnoll!
Okawaru accepts your kill.
The kobold throws a stone.
The stone misses you. The endoplasm freezes you.
You are frozen.
You die...

#..#########.##.########.....#
#............##.# #......##
#.#############.# ##........
#.## #.# #........# #..# ####
#..###.### ##.# ##..######..#
#.##. #.# #....##..##.# #.#..
#.# ####....†....#.# #.##.
##.## ##..##@.##....#.# #.###
###...###
#...K)#J###.†######.#..
........#
#.††)##...##'#..##..#..
###...#.#
##..##.....##....'.....
####.##.#
#'##∆.....(#....####..
.....##.# #.. )o[8..(##..##
#.. ###..##.##$.g $.....$##'##
##### #..##.##/..
##.....##÷.## .....
#.###.###.. ##....# #####


You could see an endoplasm and a kobold.

Vanquished Creatures
  An iguana (D:3)
  5 gnolls (D:3)
  An adder (D:3)
  2 worms
  2 dart slugs
  3 orcs (D:3)
  2 ball pythons
  8 bats
  7 endoplasms
  5 giant cockroaches
  2 goblins (D:3)
  7 hobgoblins
  2 jackals (D:3)
  3 kobolds
  A quokka (D:1)
  A frilled lizard (D:3)
  8 rats
60 creatures vanquished.

Notes
Turn   | Place    | Note
-------+----------+-------------------------------------------
     0 | D:1      | bigjeff5 the Gnoll Wanderer began the quest for the Orb.
     0 | D:1      | bigjeff5 set off with the following items: a +2 short
                  | sword, a +0 robe; and the following spells available to
                  | memorise: Apportation, Sting, Gell's Gravitas, Spider Form
     0 | D:1      | Reached XP level 1. HP: 20/20 MP: 6/6
     2 | D:1      | Learned a level 1 spell: Sting
   250 | D:1      | Reached XP level 2. HP: 15/26 MP: 7/7
   732 | D:1      | Reached XP level 3. HP: 25/31 MP: 9/9
   929 | D:1      | Reached skill level 5 in Spellcasting
  1072 | D:2      | Noticed Jessica
  1695 | D:2      | Noticed Sigmund
  2098 | D:2      | Reached skill level 1 in Invocations
  2412 | D:3      | Found a faded altar of an unknown god.
  2655 | D:3      | Reached skill level 1 in Long Blades
  2655 | D:3      | Reached skill level 1 in Axes
  2655 | D:3      | Reached skill level 1 in Maces & Flails
  2655 | D:3      | Reached skill level 1 in Polearms
  2655 | D:3      | Reached skill level 1 in Staves
  2655 | D:3      | Reached skill level 1 in Slings
  2655 | D:3      | Reached skill level 1 in Bows
  2655 | D:3      | Reached skill level 1 in Crossbows
  2655 | D:3      | Reached skill level 1 in Throwing
  2655 | D:3      | Reached skill level 1 in Armour
  2655 | D:3      | Reached skill level 1 in Unarmed Combat
  2736 | D:3      | Reached XP level 4. HP: 34/38 MP: 11/11
  2943 | D:3      | Reached skill level 1 in Hexes
  2943 | D:3      | Reached skill level 1 in Summonings
  2943 | D:3      | Reached skill level 1 in Necromancy
  2943 | D:3      | Reached skill level 1 in Translocations
  2943 | D:3      | Reached skill level 1 in Transmutations
  2943 | D:3      | Reached skill level 1 in Fire Magic
  2943 | D:3      | Reached skill level 1 in Ice Magic
  2943 | D:3      | Reached skill level 1 in Air Magic
  2943 | D:3      | Reached skill level 1 in Earth Magic
  2943 | D:3      | Reached skill level 1 in Poison Magic
  3283 | D:3      | Found an iron altar of Okawaru.
  3296 | D:3      | Became a worshipper of Warmaster Okawaru
  3546 | D:3      | Reached XP level 5. HP: 12/43 MP: 12/12
  3916 | D:3      | HP: 2/43 [gnoll (4)]
  3918 | D:3      | Frozen to death by an endoplasm

Illustrated notes

Levels and vault maps discovered:
D:1:      dpeg_arrival_shelter, layout_loops_ring
D:2:      layout_basic, basic_altar, uniq_jessica, uniq_sigmund
D:3:      minmay_bubble_buster, layout_loops_ring, lemuel_doored_altar,
          basic_ecumenical_altar, dk_noncrumbling_3

Skill      XL: |  1  2  3  4 |
---------------+-------------+-----
Conjurations   | 2 |  2.3
Spellcasting   | 5 |  5.2
Invocations    | 1 |  1.6
Long Blades    | 1 |  1.4
Axes           | 1 |  1.4
Maces & Flails | 1 |  1.4
Polearms       | 1 |  1.4
Staves         | 1 |  1.4
Slings         | 1 |  1.4
Bows           | 1 |  1.4
Crossbows      | 1 |  1.4
Throwing       | 1 |  1.4
Armour         | 1 |  1.4
Unarmed Combat | 1 |  1.4
Hexes          | 1 |  1.1
Summonings     | 1 |  1.1
Necromancy     | 1 |  1.1
Translocations | 1 |  1.1
Transmutations | 1 |  1.1
Fire Magic     | 1 |  1.1
Ice Magic      | 1 |  1.1
Air Magic      | 1 |  1.1
Earth Magic    | 1 |  1.1
Poison Magic   | 1 |  1.1
Fighting       | |  4.7
Short Blades   | |  2.9
Dodging        | |  2.9
Stealth        | |  2.7
Shields        | |  2.9
Evocations     | |  2.9

Action                   |  1- 3 |  4- 6 || total
-------------------------+-------+-------++-------
Melee: Short sword       |   139 |    92 ||   231
       Bite              |     9 |     6 ||    15
Throw: Stone             |     4 |       ||     4
 Cast: Sting             |     3 |       ||     3
  Use: Potion            |       |     2 ||     2
 Stab: Sleeping          |     3 |       ||     3
Armor: Robe              |    11 |       ||    11
       Scale mail        |    10 |    47 ||    57
Dodge: Dodged            |    60 |    62 ||   122
Block: Buckler           |    16 |    18 ||    34

Table legend: (Time is in decaauts)
 A = Elapsed time spent in this place.
 B = Non-inter-level travel time spent in this place.
 C = Inter-level travel time spent in this place.
 D = Time resting spent in this place.
 E = Time spent auto-exploring this place.
 F = Levels seen in this place.
 G = Mean time per level.
                   A        B        C        D        E       F      G
               +--------+--------+--------+--------+--------+-----+--------+
         Total |   3920 |   3831 |     89 |   1052 |   1336 |   3 | 1306.7 |
       Dungeon |   3920 |   3831 |     89 |   1052 |   1336 |   3 | 1306.7 |
               +--------+--------+--------+--------+--------+-----+--------+

Top non-repeatable levels by time:
     D:3: 1632 daAuts
     D:1: 1628 daAuts
     D:2: 660 daAuts
